General information
- name: BNet
- type: Ladder team game (AT/RT)
- host: Battle.net
- saver: OrangePekoe
map: Monsoon
- players: 6
- length: 42:43
- speed: Fast
- version: 1.26 W3XP
- replay type: Public
» download(317 KB)
Players
team 1 (loser)
4E.FiRe (
orange | 68 APM | 2683 actions | 39:17)
5 Priestess of the Moon
3 Searing Arrows
2 Scout
» actions
| Assign group hotkey | 5 | |
| Basic commands | 18 | |
| Build / train | 76 | |
| Enter build submenu | 36 | |
| Enter hero's abilities submenu | 5 | |
| Remove unit from queue | 4 | |
| Right click | 1342 | |
| Select / deselect | 972 | |
| Select group hotkey | 81 | |
| Use ability | 144 | |
2683 total
» units
| Wisp | 28 | |
| Huntress | 5 | |
| Druid of the Claw | 7 | |
| Hippogryph | 11 | |
| Mountain Giant | 3 | |
54 total
» upgrades
| Druid of the Claw Training | 2 | |
| Strength of the Moon | 1 | |
| Moon Armor | 1 | |
| Resistant Skin | 1 | |
| Hardened Skin | 1 | |
| Reinforced Hides | 1 | |
7 total
» buildings
| Altar of Elders | 1 | |
| Moon Well | 9 | |
| Hunter's Hall | 1 | |
| Ancient of War | 3 | |
| Ancient Protector | 8 | |
| Tree of Ages | 1 | |
| Ancient of Wonders | 1 | |
| Tree of Eternity | 1 | |
| Ancient of Lore | 4 | |
| Tree of Life | 4 | |
| Ancient of Wind | 2 | |
35 total
» build order
00:13 Altar of Elders
00:16 Moon Well
01:33 Hunter's Hall
02:08 Ancient of War
02:14 Ancient of War
02:47 Ancient of War
03:21 Moon Well
04:45 Ancient Protector
04:47 Ancient Protector
05:41 Moon Well
06:07 Tree of Ages
07:28 Ancient of Wonders
07:32 Moon Well
08:48 Tree of Eternity
08:53 Ancient of Lore
08:54 Ancient of Lore
10:01 Ancient of Lore
10:04 Ancient of Lore
11:46 Tree of Life
11:48 Ancient Protector
11:50 Ancient Protector
11:52 Ancient Protector
11:55 Tree of Life
12:03 Tree of Life
12:06 Ancient Protector
12:08 Ancient Protector
12:12 Ancient Protector
14:30 Ancient of Wind
15:01 Ancient of Wind
16:30 Moon Well
25:08 Moon Well
26:57 Moon Well
28:00 Moon Well
28:58 Moon Well
32:39 Tree of Life
» items
Amped23 (
yellow | 58 APM | 2485 actions | 42:42)
5 Tauren Chieftain
3 Endurance Aura
2 War Stomp
4 Shadow Hunter
2 Healing Wave
2 Hex
» actions
| Assign group hotkey | 14 | |
| Basic commands | 3 | |
| Build / train | 108 | |
| Enter build submenu | 41 | |
| Enter hero's abilities submenu | 9 | |
| Give item / drop item | 3 | |
| Remove unit from queue | 1 | |
| Right click | 1473 | |
| Select / deselect | 656 | |
| Select group hotkey | 31 | |
| Use ability | 146 | |
2485 total
» units
| Peon | 28 | |
| Troll Headhunter/Berserker | 16 | |
| Troll Batrider | 14 | |
| Demolisher | 10 | |
68 total
» upgrades
| Ranged Weapons | 3 | |
| Spiked Barricades | 2 | |
| Troll Regeneration | 1 | |
| Liquid Fire | 1 | |
| Reinforced Defenses | 1 | |
| Berserker Upgrade | 1 | |
| Burning Oil | 1 | |
10 total
» buildings
| Altar of Storms | 2 | |
| Orc Burrow | 8 | |
| War Mill | 1 | |
| Barracks | 2 | |
| Voodoo Lounge | 1 | |
| Stronghold | 1 | |
| Watch Tower | 19 | |
| Great Hall | 1 | |
| Beastiary | 2 | |
| Fortress | 1 | |
| Spirit Tower | 1 | |
39 total
» build order
00:20 Altar of Storms
00:35 Orc Burrow
00:50 War Mill
01:20 Barracks
01:36 Barracks
02:04 Orc Burrow
02:43 Voodoo Lounge
03:20 Stronghold
05:05 Watch Tower
05:18 Orc Burrow
05:58 Great Hall
06:14 Orc Burrow
06:46 Watch Tower
06:52 Watch Tower
07:38 Beastiary
07:45 Watch Tower
08:21 Watch Tower
09:40 Watch Tower
10:54 Orc Burrow
10:59 Orc Burrow
11:07 Watch Tower
11:28 Beastiary
11:34 Fortress
12:07 Watch Tower
12:14 Watch Tower
12:21 Watch Tower
13:18 Watch Tower
13:30 Watch Tower
13:47 Orc Burrow
15:14 Orc Burrow
16:23 Watch Tower
16:26 Watch Tower
18:57 Watch Tower
19:00 Watch Tower
20:59 Watch Tower
21:01 Watch Tower
21:06 Watch Tower
34:18 Altar of Storms
39:38 Spirit Tower
» items
| Healing Salve | 3 | |
| Orb of Lightning | 1 | |
| Lesser Clarity Potion | 4 | |
| Scroll of Town Portal | 4 | |
| Potion of Healing | 2 | |
14 total
edthesock (
purple | 47 APM | 1837 actions | 39:01)
5 Death Knight
3 Death Coil
2 Unholy Aura
4 Lich
2 Frost Nova
2 Dark Ritual
» actions
| Assign group hotkey | 3 | |
| Build / train | 101 | |
| Enter build submenu | 39 | |
| Enter hero's abilities submenu | 9 | |
| Give item / drop item | 1 | |
| Remove unit from queue | 1 | |
| Right click | 1010 | |
| Select / deselect | 547 | |
| Use ability | 126 | |
1837 total
» units
| Acolyte | 14 | |
| Ghoul | 6 | |
| Crypt Fiend | 11 | |
| Frost Wyrm | 6 | |
| Gargoyle | 2 | |
39 total
» upgrades
| Creature Attack | 3 | |
| Web | 1 | |
| Creature Carapace | 3 | |
| Freezing Breath | 1 | |
| Burrow | 1 | |
9 total
» buildings
| Crypt | 1 | |
| Graveyard | 1 | |
| Altar of Darkness | 1 | |
| Ziggurat | 41 | |
| Tomb of Relics | 1 | |
| Nerubian Tower | 9 | |
| Halls of the Dead | 1 | |
| Necropolis | 2 | |
| Spirit Tower | 12 | |
| Black Citadel | 1 | |
| Sacrificial Pit | 1 | |
| Boneyard | 3 | |
74 total
» build order
00:15 Crypt
00:17 Graveyard
00:31 Altar of Darkness
00:49 Ziggurat
01:22 Tomb of Relics
01:56 Ziggurat
02:30 Nerubian Tower
04:00 Ziggurat
04:33 Halls of the Dead
05:18 Necropolis
06:01 Spirit Tower
06:30 Nerubian Tower
06:34 Ziggurat
07:08 Ziggurat
07:11 Ziggurat
07:30 Ziggurat
07:31 Ziggurat
07:50 Ziggurat
07:51 Ziggurat
08:03 Ziggurat
08:14 Ziggurat
08:57 Nerubian Tower
08:58 Spirit Tower
09:10 Spirit Tower
09:12 Black Citadel
09:14 Sacrificial Pit
09:17 Ziggurat
09:18 Ziggurat
10:05 Spirit Tower
10:54 Spirit Tower
10:58 Ziggurat
11:16 Ziggurat
11:17 Ziggurat
11:58 Boneyard
11:59 Boneyard
12:02 Boneyard
12:49 Nerubian Tower
12:50 Spirit Tower
14:27 Ziggurat
14:29 Ziggurat
14:33 Ziggurat
14:34 Ziggurat
23:46 Necropolis
25:16 Spirit Tower
25:21 Ziggurat
25:29 Ziggurat
25:30 Ziggurat
25:35 Ziggurat
25:37 Ziggurat
25:39 Ziggurat
25:57 Ziggurat
25:58 Ziggurat
26:11 Ziggurat
26:14 Ziggurat
26:15 Ziggurat
26:16 Ziggurat
26:27 Spirit Tower
26:50 Ziggurat
27:06 Spirit Tower
27:18 Nerubian Tower
27:19 Nerubian Tower
27:21 Spirit Tower
27:24 Nerubian Tower
27:46 Spirit Tower
28:00 Spirit Tower
28:12 Spirit Tower
28:40 Ziggurat
28:43 Ziggurat
29:35 Nerubian Tower
29:45 Nerubian Tower
37:42 Ziggurat
37:45 Ziggurat
37:48 Ziggurat
37:53 Ziggurat
37:56 Ziggurat
» items
| Rod of Necromancy | 1 | |
| Dust of Appearance | 4 | |
| Sacrificial Skull | 2 | |
| Scroll of Town Portal | 5 | |
| Potion of Healing | 2 | |
| Orb of Corruption | 1 | |
| Scroll of Healing | 1 | |
| Potion of Mana | 2 | |
18 total
team 2 (winner)
Chamomile (
red | 127 APM | 5429 actions | 42:43)
5 Archmage
3 Blizzard
2 Brilliance Aura
5 Mountain King
3 Storm Bolt
2 Bash
5 Paladin
3 Holy Light
1 Divine Shield
1 Devotion Aura
» actions
| Assign group hotkey | 10 | |
| Basic commands | 64 | |
| Build / train | 180 | |
| ESC pressed | 4 | |
| Enter build submenu | 162 | |
| Enter hero's abilities submenu | 16 | |
| Give item / drop item | 4 | |
| Right click | 2528 | |
| Select / deselect | 534 | |
| Select group hotkey | 1355 | |
| Use ability | 572 | |
5429 total
» units
» upgrades
| Masonry | 3 | |
| Lumber Harvesting | 2 | |
| Magic Sentry | 1 | |
| Armor | 3 | |
| Swords | 3 | |
| Cloud | 1 | |
| Animal War Training | 1 | |
14 total
» buildings
| Lumber Mill | 2 | |
| Altar of Kings | 2 | |
| Farm | 5 | |
| Scout Tower | 182 | |
| Arcane Tower | 11 | |
| Guard Tower | 96 | |
| Town Hall | 1 | |
| Keep | 2 | |
| Arcane Sanctum | 1 | |
| Castle | 1 | |
| Arcane Vault | 5 | |
| Gryphon Aviary | 1 | |
| Blacksmith | 1 | |
| Barracks | 1 | |
311 total
» build order
00:15 Lumber Mill
00:19 Altar of Kings
00:21 Farm
00:51 Scout Tower
01:18 Farm
01:26 Arcane Tower
01:28 Scout Tower
01:33 Scout Tower
01:52 Scout Tower
02:07 Arcane Tower
02:07 Arcane Tower
02:22 Guard Tower
02:23 Scout Tower
02:24 Scout Tower
02:27 Guard Tower
02:28 Scout Tower
02:32 Scout Tower
02:52 Guard Tower
02:53 Guard Tower
02:56 Scout Tower
02:57 Scout Tower
03:01 Guard Tower
03:33 Guard Tower
03:33 Guard Tower
03:40 Guard Tower
03:42 Scout Tower
03:42 Scout Tower
03:53 Scout Tower
03:54 Scout Tower
04:02 Farm
04:14 Guard Tower
04:14 Guard Tower
04:24 Guard Tower
04:26 Scout Tower
04:26 Scout Tower
04:29 Guard Tower
04:31 Scout Tower
04:32 Scout Tower
04:54 Guard Tower
04:56 Guard Tower
04:57 Guard Tower
05:21 Guard Tower
05:39 Scout Tower
05:40 Scout Tower
05:45 Scout Tower
05:46 Scout Tower
05:54 Town Hall
06:13 Guard Tower
06:15 Scout Tower
06:16 Scout Tower
06:28 Guard Tower
06:42 Guard Tower
06:44 Scout Tower
06:45 Scout Tower
06:46 Keep
06:48 Keep
07:14 Guard Tower
07:21 Guard Tower
07:21 Guard Tower
07:27 Scout Tower
07:28 Scout Tower
07:51 Scout Tower
07:52 Scout Tower
07:52 Scout Tower
07:55 Guard Tower
07:55 Guard Tower
07:57 Scout Tower
07:58 Scout Tower
07:58 Scout Tower
07:59 Scout Tower
08:01 Scout Tower
08:01 Scout Tower
08:03 Guard Tower
08:07 Scout Tower
08:08 Scout Tower
08:50 Guard Tower
08:51 Scout Tower
08:51 Scout Tower
09:24 Guard Tower
09:25 Scout Tower
09:26 Scout Tower
09:28 Arcane Sanctum
09:37 Guard Tower
09:47 Guard Tower
09:51 Scout Tower
09:51 Scout Tower
09:59 Guard Tower
10:02 Guard Tower
10:07 Scout Tower
10:07 Scout Tower
10:10 Arcane Tower
10:46 Lumber Mill
11:06 Guard Tower
11:13 Castle
12:30 Scout Tower
12:31 Scout Tower
12:32 Guard Tower
12:33 Guard Tower
12:33 Guard Tower
12:36 Scout Tower
12:37 Scout Tower
12:38 Scout Tower
12:39 Scout Tower
12:42 Scout Tower
12:42 Scout Tower
12:47 Scout Tower
12:47 Scout Tower
12:48 Scout Tower
12:51 Scout Tower
12:52 Scout Tower
12:59 Arcane Vault
13:00 Arcane Vault
13:02 Arcane Vault
13:03 Arcane Vault
13:09 Altar of Kings
13:12 Scout Tower
13:12 Scout Tower
13:14 Scout Tower
13:30 Guard Tower
13:49 Guard Tower
13:50 Guard Tower
13:52 Arcane Tower
13:53 Arcane Tower
14:00 Scout Tower
14:01 Scout Tower
14:03 Guard Tower
14:05 Scout Tower
14:06 Scout Tower
14:08 Scout Tower
14:11 Guard Tower
14:11 Scout Tower
14:39 Guard Tower
14:42 Scout Tower
14:42 Scout Tower
14:43 Scout Tower
14:43 Scout Tower
14:50 Scout Tower
14:51 Scout Tower
14:51 Scout Tower
14:52 Scout Tower
14:55 Scout Tower
14:57 Scout Tower
15:01 Guard Tower
15:03 Scout Tower
15:04 Scout Tower
15:07 Guard Tower
15:08 Guard Tower
15:10 Scout Tower
15:11 Scout Tower
15:31 Guard Tower
15:33 Scout Tower
15:34 Scout Tower
15:51 Guard Tower
16:00 Guard Tower
16:03 Scout Tower
16:04 Scout Tower
16:09 Guard Tower
16:11 Scout Tower
16:12 Scout Tower
16:35 Guard Tower
16:36 Scout Tower
16:37 Scout Tower
17:03 Guard Tower
17:04 Scout Tower
17:04 Scout Tower
17:05 Scout Tower
17:28 Guard Tower
17:29 Scout Tower
17:30 Scout Tower
17:31 Guard Tower
17:32 Guard Tower
17:37 Guard Tower
17:49 Guard Tower
17:51 Scout Tower
17:51 Scout Tower
17:52 Scout Tower
17:52 Scout Tower
18:41 Scout Tower
18:42 Scout Tower
18:42 Scout Tower
18:43 Scout Tower
18:43 Scout Tower
18:44 Scout Tower
18:46 Scout Tower
18:46 Scout Tower
18:47 Scout Tower
18:48 Scout Tower
18:49 Scout Tower
18:50 Scout Tower
18:51 Scout Tower
18:53 Guard Tower
18:57 Scout Tower
18:58 Scout Tower
18:59 Scout Tower
18:59 Scout Tower
19:00 Scout Tower
19:01 Scout Tower
19:02 Guard Tower
19:06 Scout Tower
19:06 Scout Tower
19:07 Scout Tower
19:13 Guard Tower
19:15 Guard Tower
19:17 Scout Tower
19:18 Scout Tower
19:19 Scout Tower
19:20 Scout Tower
19:21 Scout Tower
19:33 Gryphon Aviary
19:35 Blacksmith
19:39 Farm
19:42 Guard Tower
19:43 Scout Tower
19:44 Scout Tower
19:44 Scout Tower
19:47 Guard Tower
19:48 Guard Tower
20:10 Guard Tower
20:20 Guard Tower
20:21 Guard Tower
20:26 Scout Tower
20:43 Guard Tower
20:50 Scout Tower
20:55 Scout Tower
20:56 Scout Tower
21:05 Guard Tower
21:08 Scout Tower
21:09 Scout Tower
21:10 Scout Tower
21:10 Scout Tower
21:12 Guard Tower
21:14 Scout Tower
21:15 Scout Tower
21:16 Scout Tower
21:16 Scout Tower
21:26 Guard Tower
21:47 Guard Tower
22:05 Guard Tower
22:07 Scout Tower
22:10 Scout Tower
22:11 Scout Tower
22:12 Scout Tower
22:18 Guard Tower
22:40 Guard Tower
23:39 Guard Tower
23:49 Guard Tower
24:49 Scout Tower
24:49 Scout Tower
24:50 Scout Tower
24:50 Scout Tower
24:53 Scout Tower
24:53 Scout Tower
26:05 Guard Tower
26:10 Scout Tower
26:12 Scout Tower
26:12 Scout Tower
26:14 Scout Tower
26:15 Scout Tower
26:16 Scout Tower
26:29 Barracks
27:01 Arcane Vault
27:05 Guard Tower
27:08 Scout Tower
27:09 Scout Tower
27:10 Scout Tower
27:11 Scout Tower
27:11 Scout Tower
27:14 Scout Tower
27:15 Scout Tower
27:16 Scout Tower
27:17 Scout Tower
27:21 Guard Tower
28:05 Scout Tower
28:06 Scout Tower
28:10 Guard Tower
28:11 Scout Tower
28:12 Scout Tower
28:12 Scout Tower
28:42 Guard Tower
28:57 Scout Tower
28:58 Scout Tower
29:02 Guard Tower
29:02 Guard Tower
29:05 Scout Tower
29:08 Guard Tower
29:13 Arcane Tower
29:14 Arcane Tower
29:32 Guard Tower
29:42 Guard Tower
29:44 Scout Tower
29:52 Guard Tower
29:59 Arcane Tower
33:16 Scout Tower
33:17 Scout Tower
33:17 Scout Tower
33:18 Scout Tower
33:19 Scout Tower
35:21 Guard Tower
» items
| Staff of Teleportation | 3 | |
| Boots of Speed | 4 | |
| Healing Salve | 1 | |
| Orb of Lightning | 3 | |
| Staff of Sanctuary | 5 | |
| Lesser Clarity Potion | 1 | |
| Potion of Healing | 1 | |
18 total
OrangePekoe (
pink | 119 APM | 5066 actions | 42:43)
8 Blademaster
3 Wind Walk
3 Critical Strike
1 Bladestorm
1 Mirror Image
1 Goblin Tinker
1 Pocket Factory
1 Pandaren Brewmaster
1 Breath of Fire
» actions
| Assign group hotkey | 33 | |
| Basic commands | 6 | |
| Build / train | 97 | |
| ESC pressed | 1 | |
| Enter build submenu | 52 | |
| Enter hero's abilities submenu | 10 | |
| Give item / drop item | 11 | |
| Right click | 3370 | |
| Select / deselect | 435 | |
| Select group hotkey | 778 | |
| Use ability | 273 | |
5066 total
» units
» upgrades
| Ranged Weapons | 3 | |
| Liquid Fire | 1 | |
| Troll Regeneration | 1 | |
| Reinforced Defenses | 1 | |
| Armor | 2 | |
8 total
» buildings
| Altar of Storms | 1 | |
| Orc Burrow | 4 | |
| War Mill | 1 | |
| Voodoo Lounge | 3 | |
| Watch Tower | 38 | |
| Stronghold | 2 | |
| Beastiary | 3 | |
| Fortress | 1 | |
| Barracks | 1 | |
| Great Hall | 1 | |
55 total
» build order
00:30 Altar of Storms
00:32 Orc Burrow
00:37 War Mill
01:18 Voodoo Lounge
02:00 Watch Tower
02:16 Watch Tower
02:37 Watch Tower
02:57 Watch Tower
03:34 Watch Tower
03:37 Watch Tower
04:03 Stronghold
04:37 Watch Tower
04:40 Watch Tower
04:58 Voodoo Lounge
05:02 Voodoo Lounge
05:43 Orc Burrow
05:56 Watch Tower
06:15 Orc Burrow
06:25 Watch Tower
06:29 Beastiary
06:30 Beastiary
07:12 Watch Tower
07:29 Watch Tower
08:03 Orc Burrow
09:20 Watch Tower
09:38 Fortress
10:00 Watch Tower
10:06 Watch Tower
11:29 Watch Tower
12:23 Watch Tower
12:25 Watch Tower
12:48 Watch Tower
14:14 Barracks
14:41 Watch Tower
15:03 Great Hall
15:06 Watch Tower
15:08 Watch Tower
15:17 Watch Tower
15:18 Watch Tower
15:19 Watch Tower
16:00 Watch Tower
18:37 Watch Tower
18:39 Watch Tower
18:40 Watch Tower
18:48 Watch Tower
19:44 Beastiary
23:48 Watch Tower
28:06 Watch Tower
28:07 Watch Tower
28:08 Watch Tower
28:09 Watch Tower
28:14 Watch Tower
28:14 Watch Tower
35:22 Watch Tower
» items
| Boots of Speed | 1 | |
| Staff of Teleportation | 1 | |
| Healing Salve | 3 | |
| Lesser Clarity Potion | 2 | |
| Orb of Lightning | 1 | |
8 total
Rooibos (
teal | 92 APM | 3913 actions | 42:43)
6 Warden
3 Shadow Strike
3 Blink
1 Pandaren Brewmaster
1 Breath of Fire
1 Goblin Tinker
1 Cluster Rockets
» actions
| Assign group hotkey | 277 | |
| Basic commands | 55 | |
| Build / train | 103 | |
| ESC pressed | 3 | |
| Enter build submenu | 42 | |
| Enter hero's abilities submenu | 8 | |
| Give item / drop item | 3 | |
| Remove unit from queue | 1 | |
| Right click | 1998 | |
| Select / deselect | 473 | |
| Select group hotkey | 667 | |
| Use ability | 283 | |
3913 total
» units
» upgrades
| Strength of the Wild | 3 | |
| Well Spring | 2 | |
| Nature's Blessing | 1 | |
| Reinforced Hides | 3 | |
| Corrosive Breath | 1 | |
| Moon Armor | 1 | |
11 total
» buildings
| Altar of Elders | 1 | |
| Moon Well | 18 | |
| Ancient of Wonders | 1 | |
| Tree of Ages | 4 | |
| Tree of Life | 5 | |
| Hunter's Hall | 1 | |
| Tree of Eternity | 3 | |
| Ancient of Lore | 1 | |
| Ancient of Wind | 1 | |
| Chimaera Roost | 2 | |
37 total
» build order
00:08 Altar of Elders
00:11 Moon Well
01:45 Moon Well
02:41 Moon Well
03:10 Moon Well
03:58 Ancient of Wonders
04:00 Moon Well
04:03 Moon Well
05:02 Tree of Ages
05:02 Tree of Ages
05:03 Tree of Ages
05:21 Moon Well
05:37 Tree of Life
05:59 Hunter's Hall
07:48 Tree of Eternity
07:48 Tree of Eternity
08:10 Ancient of Lore
08:12 Ancient of Wind
10:02 Moon Well
10:08 Moon Well
12:17 Chimaera Roost
12:18 Chimaera Roost
16:28 Moon Well
16:29 Moon Well
16:31 Moon Well
16:32 Moon Well
18:18 Moon Well
18:19 Moon Well
18:22 Moon Well
18:23 Moon Well
19:36 Tree of Life
19:38 Tree of Life
19:44 Moon Well
23:12 Tree of Life
25:40 Tree of Life
» items
| Boots of Speed | 3 | |
| Staff of Teleportation | 1 | |
| Orb of Lightning | 2 | |
| Lesser Clarity Potion | 1 | |
| Healing Salve | 1 | |
| Potion of Lesser Invulnerability | 1 | |
| Potion of Healing | 1 | |
| Scroll of Town Portal | 1 | |
| Periapt of Vitality | 3 | |
| Staff of Sanctuary | 1 | |
| Circlet of Nobility | 2 | |
17 total
Chat log
(01:01 / All) Chamomile: no
(01:05 / All) OrangePekoe: Gnarly
(01:05 / All) edthesock: no?
(01:08 / All) Chamomile: ?>
(01:15 / All) edthesock: u guys are nice
(01:29 / All) OrangePekoe: Human, Human, Human, Human,
(05:21 / Allies) OrangePekoe: Poppa Fatblizz
(21:51 / All) OrangePekoe: lol
(21:54 / All) OrangePekoe: 1 secd
(21:54 / All) OrangePekoe: pisza
(22:07 / All) OrangePekoe: where are you from
(22:08 / All) Chamomile: Hlelo
(22:13 / All) OrangePekoe: in the planet earth,, he
(31:15 / All) edthesock: YOLO
(31:24 / All) OrangePekoe: good play guys
(31:31 / All) OrangePekoe: clan towa #1
(31:34 / All) OrangePekoe: http://highper.ch/
(31:43 / All) OrangePekoe: lose dk to towers,?
(31:53 / All) Rooibos: you probably cry for many hours
(34:13 / All) OrangePekoe: lmao
(34:14 / All) OrangePekoe: highper.ch
(34:37 / All) OrangePekoe: brian bloodbane
(34:41 / All) OrangePekoe: hold on 1 sec
(34:42 / All) Chamomile: stop it
(35:06 / Allies) OrangePekoe: going to Youse your wells
(35:32 / All) Rooibos: RIP Glenn Ghould
(35:35 / All) OrangePekoe: do you guys, have a plan
(35:49 / All) OrangePekoe: myself, u probably have noticed i am the man
(35:53 / All) OrangePekoe: and always have at least 1 plan
(36:00 / All) Rooibos: Waheed.
(36:24 / All) Rooibos: SouthEast Marketplace: Engage.......... Meow
(39:07 / All) Rooibos: Ke$ha Wildbarley
(39:21 / All) OrangePekoe: clan,
(39:22 / All) OrangePekoe: towa,
(39:24 / All) OrangePekoe: numbre,
(39:30 / All) OrangePekoe: rest in peace.
(39:33 / All) Chamomile: bitch
(42:40 / All) OrangePekoe: well, that was a laugh